 Dungeon Crawl Stone Soup version 0.23.2-1-ga50397a (webtiles) character file.

Game seed: 15378947049297844140

10353 diana the Carver (level 11, -8/141 HPs)
             Began as a Demigod Fighter on May 30, 2019.
             Mangled by a minotaur
             ... wielding a +4 spear of piercing
              (15 damage)
             ... in a Gauntlet.
             The game lasted 00:17:07 (10194 turns).

diana the Carver (Demigod Fighter)                 Turns: 10194, Time: 00:17:08

Health: -8/141     AC: 20    Str: 30    XL:     11   Next: 13%
Magic:  14/14      EV: 14    Int: 18    God:
Gold:   255        SH: 11    Dex: 15    Spells: 10/10 levels left

rFire    . . .     SeeInvis +   Q - +0 scimitar (flame)
rCold    + . .     Gourm    .   c - +0 shield
rNeg     . . .     Faith    .   T - +3 ring mail of Brilliance {rCorr Int+2}
rPois    .         Spirit   .   R - +2 hat "Zener" {Stlth+}
rElec    +         Reflect  .   U - +0 cloak of Bonemupt {rElec rCorr SInv} (curse)
rCorr    +         Harm     .   s - +0 pair of gloves
MR       +....     NoTele   +   b - +1 pair of boots {Stlth+}
Stlth    ..........             x - amulet of rage
HPRegen  0.33/turn              A - ring "Zezotiru" {AC+6 Int+4}
MPRegen  0.14/turn              P - ring of protection from cold

@: berserking, very quick
A: [blurry vision 2], [deformed body], high mp 1, teleportitis 1
a: Evoke Berserk Rage


You were in a Gauntlet.
You were very hungry.

You visited 1 branch of the dungeon, and saw 11 of its levels.
You also visited: Ossuary and Gauntlet.

You collected 395 gold pieces.
You spent 140 gold pieces at shops.

Inventory:

Hand Weapons
 Q - a +0 scimitar of flaming (weapon)
Armour
 b - a +1 pair of boots of stealth (worn)
 c - a +0 shield (worn)
 j - a +1 cloak of magic resistance
 r - a +1 helmet
 s - a +0 pair of gloves (worn)
 H - a +1 ring mail of cold resistance
 I - a +3 scale mail
 R - the +2 hat "Zener" (worn) {Stlth+}
   (You found it in a Gauntlet)

   It makes you more stealthy.
 T - the +3 ring mail of Brilliance (worn) {rCorr Int+2}
   (You found it in a Gauntlet)

   It affects your intelligence (+2).
   It provides partial protection from all sources of acid and corrosion.
 U - the cursed +0 cloak of Bonemupt (worn) {rElec rCorr SInv}
   (You found it in a Gauntlet)

   It insulates you from electricity.
   It lets you see invisible.
   It provides partial protection from all sources of acid and corrosion.
   It has a curse placed upon it.
Jewellery
 x - an amulet of rage (around neck)
 A - the ring "Zezotiru" (left hand) {AC+6 Int+4}
   (You found it on level 5 of the Dungeon)

   [ring of protection]

   It affects your AC (+6).
   It affects your intelligence (+4).
 M - an uncursed ring of protection from fire
 P - a ring of protection from cold (right hand)
Wands
 E - a wand of iceblast (7)
 F - a wand of enslavement (7)
Scrolls
 a - a scroll of blinking {unknown}
 m - 5 scrolls of remove curse
 n - 3 scrolls of enchant armour
 p - 4 scrolls of amnesia
 u - a scroll of teleportation {unknown}
 w - 8 scrolls of random uselessness
 y - 4 scrolls of immolation
 z - 2 scrolls of fear
 B - 4 scrolls of noise
 D - a scroll of magic mapping
 G - a scroll of identify
 K - a scroll of brand weapon {unknown}
 L - a scroll of vulnerability {unknown}
 N - a scroll of fog {unknown}
 O - 2 scrolls of torment {unknown}
 S - a scroll of summoning {unknown}
Potions
 d - 2 potions of might
 e - 9 potions of curing
 g - 2 potions of agility
 h - 2 potions of haste {unknown}
 i - a potion of invisibility {unknown}
 k - 6 potions of degeneration {unknown}
 l - 3 potions of flight {unknown}
 o - 5 potions of lignification {unknown}
 q - 4 potions of mutation
 t - a potion of heal wounds
 v - 2 potions of brilliance {unknown}
 C - a potion of cancellation {unknown}
 J - a potion of berserk rage
Comestibles
 f - 23 rations


   Skills:
 + Level 7.8 Fighting
 * Level 9.4 Long Blades
 + Level 7.8 Armour
 + Level 7.2 Dodging
 + Level 6.1 Shields


You had 10 spell levels left.
You didn't know any spells.
Your spell library contained the following spells:

 Spells                   Type           Power        Failure   Level  Hunger
 Corona                   Hex            #......      67%         1    ##.....
 Ensorcelled Hibernation  Hex/Ice        #.....       82%         2    ###....
 Confuse                  Hex            #.......     96%         3    ####...
 Dazzling Spray           Conj/Hex       #.....       96%         3    ####...
 Tukima's Dance           Hex            #.......     96%         3    ####...


Dungeon Overview and Level Annotations

Branches:
Dungeon (11/15)            Temple (0/1) D:5            Lair (0/6) D:11
    Orc (0/2) D:11

Shops:
D:7 !

Portals:
Bailey: D:11

Annotations:
D:6 1 runed translucent door, Magicfruit's ghost, novice MfFi Gauntlet 8 transporters


Innate Abilities, Weirdness & Mutations

You have an increased reservoir of magic. (+10% MP)
You are occasionally teleported next to monsters.
[Scrolls take you longer to read.]
[Armour fits poorly on your strangely shaped body.]


Message History

You closely miss the minotaur.
The minotaur hits you with a +4 spear of piercing!
You block the minotaur's attack.
Your shield prevents you from hitting the minotaur.
The minotaur hits you with a +4 spear of piercing!!
* * * LOW HITPOINT WARNING * * *
x2 The minotaur gores you but does no damage.
You slash the minotaur! You burn the minotaur.
The minotaur is moderately wounded.
You slash the minotaur! You burn the minotaur.
The minotaur is heavily wounded.
You block the minotaur's attack. x2
You hit the minotaur but do no damage.
The minotaur is heavily wounded.
You hit the minotaur. You burn the minotaur.
The minotaur is heavily wounded.
The minotaur hits you with a +4 spear of piercing!
* * * LOW HITPOINT WARNING * * *
x2 The minotaur gores you!
You die...

######### #.......#
#.#####.# #.#H..#.#
#.#@# #.# #.#.# #.#
#.#(# #.# #.#(###.#
#.#.(...# #.#######
#.....# #####.#
#########.#########


You could see a minotaur.

Vanquished Creatures
  2 hydras
  Erica (D:9)
  A wretched star (Gauntlet)
  An unseen horror (D:10)
  A torpor snail (Gauntlet)
  A kobold demonologist (D:11)
  2 dream sheep (D:8)
  Sigmund (D:5)
  13 yaks
  A hungry ghost (D:9)
  A neqoxec (Gauntlet)
  A small abomination (Gauntlet)
  2 black bears
  2 sky beasts
  2 ice beasts
  An orc warrior (D:8)
  3 ogres
  2 phantoms
  7 centaurs
  3 big kobolds (D:8)
  4 bullfrogs (D:6)
  A wyvern skeleton (D:9)
  5 scorpions
  A howler monkey (D:4)
  6 crimson imps
  A quasit (D:11)
  2 centaur zombies (Ossuary)
  5 jellies
  6 orc wizards
  3 bullfrog skeletons
  3 orc priests
  3 hounds
  4 iguanas
  Terence (D:3)
  9 worker ants
  4 mummies
  A worker ant zombie (D:10)
  A howler monkey skeleton (D:4)
  12 adders
  A shadow imp (D:5)
  2 oozes
  An adder skeleton (D:4)
  4 worms
  3 dart slugs
  5 leopard geckos
  22 orcs
  A ball python (D:1)
  6 giant cockroaches
  A gnoll zombie (Ossuary)
  6 hobgoblins
  12 jackals
  7 kobolds
  6 quokkas
  7 bats
  10 frilled lizards
  7 goblins
  2 goblin zombies (Ossuary)
  A kobold zombie (Ossuary)
  A leopard gecko skeleton (D:7)
  A leopard gecko zombie (D:9)
  2 orc zombies (Ossuary)
  8 rats
236 creatures vanquished.

Vanquished Creatures (others)
  26 demonic plants (Gauntlet)
26 creatures vanquished.

Grand Total: 262 creatures vanquished

Notes
Turn   | Place    | Note
-------+----------+-------------------------------------------
     0 | D:1      | diana the Demigod Fighter began the quest for the Orb.
     0 | D:1      | Reached XP level 1. HP: 18/18 MP: 3/3
    86 | D:1      | Reached skill level 2 in Long Blades
   137 | D:1      | Reached XP level 2. HP: 21/25 MP: 4/4
   253 | D:1      | Reached skill level 1 in Dodging
   511 | D:1      | Reached XP level 3. HP: 31/31 MP: 5/5
  1512 | D:3      | Reached XP level 4. HP: 37/38 MP: 6/6
  1541 | D:3      | Noticed Terence
  1554 | D:3      | Killed Terence
  1573 | D:3      | Found a bloodstained altar of Trog.
  1573 | D:3      | Found a deep blue altar of Sif Muna.
  1655 | D:3      | Found a radiant altar of Vehumet.
  1829 | D:3      | Found a hide-covered altar of Uskayaw.
  1852 | D:3      | Reached XP level 5. HP: 38/45 MP: 7/7
  2191 | D:4      | Reached skill level 3 in Long Blades
  2420 | D:4      | Noticed a centaur
  2430 | D:4      | Killed a centaur
  2430 | D:4      | Reached XP level 6. HP: 51/52 MP: 8/8
  2902 | D:5      | Entered Level 5 of the Dungeon
  2902 | D:5      | Noticed Sigmund
  2923 | D:5      | Killed Sigmund
  2923 | D:5      | Reached skill level 4 in Long Blades
  2923 | D:5      | Reached XP level 7. HP: 25/60 MP: 9/9
  3130 | D:5      | Found a staircase to the Ecumenical Temple.
  3426 | D:5      | Got a faintly glowing silver ring
  3427 | D:5      | Identified the ring "Zezotiru" {AC+6 Int+4} (You found it
                  | on level 5 of the Dungeon)
  3705 | D:5      | Found a radiant altar of Vehumet.
  3865 | D:6      | Reached skill level 5 in Fighting
  3893 | D:6      | Noticed Magicfruit's ghost (novice MfFi)
  3895 | D:6      | Found a runed translucent door.
  3903 | D:6      | Found a sand-covered staircase.
  3962 | Ossuary  | Entered an ossuary
  3984 | Ossuary  | Reached skill level 5 in Armour
  4220 | D:6      | Reached XP level 8. HP: 65/68 MP: 10/10
  4357 | D:6      | Reached skill level 5 in Long Blades
  5238 | D:7      | Reached skill level 5 in Dodging
  5494 | D:7      | Identified the +0 robe of Impermeability {rPois}
  5820 | D:7      | Reached skill level 6 in Long Blades
  5886 | D:7      | Reached XP level 9. HP: 36/75 MP: 11/11
  6182 | D:7      | Found Rinedd's Distillery.
  6190 | D:7      | Bought a potion of heal wounds for 70 gold pieces
  6190 | D:7      | Bought a potion of berserk rage for 70 gold pieces
  7019 | D:8      | Reached skill level 7 in Long Blades
  7262 | D:8      | Noticed a two-headed hydra
  7275 | D:8      | Killed a one-headed hydra
  7285 | D:8      | Reached XP level 10. HP: 68/84 MP: 13/13
  7783 | D:9      | Noticed Erica
  7812 | D:9      | Killed Erica
  7812 | D:9      | Reached skill level 8 in Long Blades
  7812 | D:9      | Reached skill level 5 in Shields
  8399 | D:10     | Entered Level 10 of the Dungeon
  8750 | D:10     | Killed an unseen horror
  9475 | D:11     | Reached skill level 9 in Long Blades
  9514 | D:11     | Found a flagged portal.
  9551 | D:11     | Noticed a sixfirhy
  9554 | D:11     | Gained mutation: You are occasionally teleported next to
                  | monsters. [a neqoxec]
  9584 | D:11     | Found a gate leading to a gauntlet.
  9588 | Gauntlet | Entered a Gauntlet
  9588 | Gauntlet | Found a transporter.
  9588 | Gauntlet | Found a transporter.
  9593 | Gauntlet | Found a transporter.
  9593 | Gauntlet | Found a transporter.
  9606 | Gauntlet | Found a transporter.
  9607 | Gauntlet | Found a transporter.
  9608 | Gauntlet | Noticed a wretched star
  9610 | Gauntlet | Found a transporter.
  9627 | Gauntlet | Found a transporter.
  9636 | Gauntlet | Found a transporter.
  9636 | Gauntlet | Found a transporter.
  9698 | Gauntlet | Found a transporter.
  9698 | Gauntlet | Noticed a death scarab
  9719 | Gauntlet | Found a transporter.
  9751 | Gauntlet | Noticed a seven-headed hydra
  9751 | Gauntlet | Noticed a torpor snail
  9851 | Gauntlet | Killed a one-headed hydra
  9851 | Gauntlet | Reached XP level 11. HP: 33/93 MP: 14/14
  9961 | Gauntlet | Got a shimmering hat
  9968 | Gauntlet | Got a twisted ring mail
  9979 | Gauntlet | Identified the +3 ring mail of Brilliance {rCorr Int+2}
                  | (You found it in a Gauntlet)
  9989 | Gauntlet | Identified the +2 hat "Zener" {Stlth+} (You found it in a
                  | Gauntlet)
 10113 | Gauntlet | Killed a wretched star
 10128 | Gauntlet | Got a heavily runed cloak
 10152 | Gauntlet | Identified the cursed +0 cloak of Bonemupt {rElec rCorr
                  | SInv} (You found it in a Gauntlet)
 10180 | Gauntlet | Identified the ring "Xaowaofi" {Slay+4 SInv}
 10180 | Gauntlet | Noticed a minotaur
 10194 | Gauntlet | HP: 7/141 [minotaur/+4 spear of piercing (5)]
 10194 | Gauntlet | Mangled by a minotaur

Skill      XL: |  1  2  3  4  5  6  7  8  9 10 11 |
---------------+----------------------------------+-----
Long Blades    | 2 3 4 6 7 9 |  9.4
Armour         | 3 4 5 6 7 |  7.8
Fighting       | 3 4 5 6 7 |  7.8
Dodging        | 1 2 3 4 5 6 7 |  7.2
Shields        | 3 4 5 6 |  6.1

Action                   |  1- 3 |  4- 6 |  7- 9 | 10-12 || total
-------------------------+-------+-------+-------+-------++-------
Melee: Long sword        |   165 |   203 |   454 |    40 ||   862
       Hand axe          |       |       |     8 |       ||     8
       Scimitar          |       |       |       |   247 ||   247
 Abil: Evoke Berserk Rag |       |       |     1 |     3 ||     4
Evoke: Wand              |       |       |       |     1 ||     1
  Use: Potion            |     1 |       |     1 |     2 ||     4
       Scroll            |       |       |     4 |     5 ||     9
 Stab: Sleeping          |       |       |     1 |       ||     1
  Eat: Chunk             |     2 |     4 |    10 |     6 ||    22
       Ration            |       |       |     2 |     2 ||     4
Armor: Scale mail        |    79 |    96 |   234 |   193 ||   602
       Ring mail         |       |       |     4 |     2 ||     6
Dodge: Dodged            |    66 |    52 |   181 |   108 ||   407
Block: Shield            |   100 |   124 |   213 |   135 ||   572
       Rpst.: Long sword |    23 |    19 |    48 |     2 ||    92
       Scimitar          |       |       |       |    19 ||    19
